 Dungeon Crawl Stone Soup version 0.29.0-10-g45618ea6d2 (webtiles) character file.

Game seed: 7629749990104762367

646 oldmanjim the Chopper (level 7, -2/63 HPs)
             Began as a Hill Orc Fighter on Sept 1, 2022.
             Slain by an ice beast (13 damage)
             ... on level 4 of the Dungeon.
             The game lasted 00:21:29 (4508 turns).

oldmanjim the Chopper (Hill Orc Fighter)            Turns: 4508, Time: 00:21:29

Health: -2/63      AC: 14    Str: 21    XL:     7   Next: 52%
Magic:  7/7        EV:  5    Int:  8    God:
Gold:   224        SH:  5    Dex: 10    Spells: 5/6 levels left

rFire   . . .      SeeInvis .   a - +0 war axe
rCold   . . .      Faith    .   c - +0 buckler
rNeg    . . .      Spirit   .   C - +0 plate armour
rPois   .          Reflect  .   (no helmet)
rElec   .          Harm     .   k - +0 cloak
rCorr   +          Rampage  .   (no gloves)
Will    .....                   y - +0 pair of boots
Stlth   ..........              (no amulet)
HPRegen 0.20/turn               m - ring of resist corrosion
MPRegen 0.10/turn               (no ring)

@: no status effects
A: no striking features
a: no special abilities


You were on level 4 of the Dungeon.
You visited 1 branch of the dungeon, and saw 5 of its levels.

You collected 224 gold pieces.

Inventory:

Hand Weapons
 a - a +0 war axe (weapon)
 b - a +0 sling
 j - a +3 dagger
Missiles
 l - 29 stones (quivered)
 n - 2 boomerangs
Armour
 c - a +0 buckler (worn)
 k - a +0 cloak (worn)
 q - a +0 chain mail
 y - a +0 pair of boots (worn)
 C - a +0 plate armour (worn)
Jewellery
 m - a ring of resist corrosion (left hand)
Scrolls
 d - 3 scrolls of vulnerability
 e - a scroll of amnesia {unknown}
 g - a scroll of butterflies {unknown}
 i - 3 scrolls of teleportation {unknown}
 o - a scroll of immolation {unknown}
 s - a scroll of enchant armour {unknown}
 w - a scroll of enchant weapon {unknown}
 A - a scroll of poison {unknown}
 B - 3 scrolls of blinking {unknown}
Potions
 f - 2 potions of lignification
 h - 2 potions of heal wounds
 r - 2 potions of ambrosia
 t - a potion of cancellation {unknown}
 v - a potion of mutation
 x - 2 potions of attraction {unknown}
 z - 4 potions of curing


   Skills:
 - Level 6.0 Fighting
 + Level 7.5 Axes
 - Level 4.0 Armour
 - Level 5.0 Shields
 - Level 1.0 Translocations


You had 5 spell levels left.
You knew the following spells:

 Your Spells              Type           Power      Damage    Failure   Level
a - Apportation           Tloc           2%         N/A       100%        1

Your spell library contained the following spells:

 Spells                   Type           Power      Damage    Failure   Level
 Necrotise                Necr           0%         1d4       100%        1
 Summon Small Mammal      Summ           0%         N/A       100%        1
 Ozocubu's Armour         Ice            0%         N/A       100%        3
 Ozocubu's Refrigeration  Ice            0%         4d7       100%        7


Dungeon Overview and Level Annotations

Branches:
Dungeon (5/15)
 Temple: D:4-7

Altars:
Elyvilon

Shops:
D:1 =   D:4 (

Annotations:
D:3 1 runed translucent door, Crazy Yiuf
D:5 Grinder


Message History

The orc hits you with a +0 hand axe.
There is a stone staircase leading up here.
The ice beast hits you. The ice beast freezes you.
The orc hits you but does no damage. x2
You climb upwards.
There is a stone staircase leading down, spattered with blood here.
You closely miss the ice beast. You hit the orc. You barely miss the orc.
You block the orc's attack.
The ice beast hits you but does no damage.
The orc hits you but does no damage.
You slash the orc!
You kill the orc!
You hit the ice beast but do no damage. You closely miss the orc.
You block the ice beast's attack. The orc barely misses you.
You hit the ice beast.
The ice beast is lightly wounded.
You barely miss the orc. The ice beast hits you. The ice beast freezes you!
The orc hits you but does no damage.
You are too injured to fight recklessly!
Unknown command.
You closely miss the ice beast.
The ice beast is lightly wounded.
You barely miss the orc. The ice beast hits you. The ice beast freezes you!
* * * LOW HITPOINT WARNING * * *
The orc hits you but does no damage.
You hit the ice beast but do no damage.
The ice beast is lightly wounded.
You slash the orc!
You kill the orc!
The ice beast barely misses you.
The ice beast hits you but does no damage.
You hit the ice beast but do no damage.
The ice beast is lightly wounded.
The ice beast hits you but does no damage.
You hit the ice beast but do no damage.
The ice beast is lightly wounded.
The ice beast hits you.
* * * LOW HITPOINT WARNING * * *
The ice beast freezes you!
You die...

#.........##.######
#.........#.......#
#.........#.......#
##.................#
>#........##.......#
.#.................#
..........##.......#
.....#.#####.....).#
#..........#....@).#
...........#...Y...#
.#.........##.######
##.........##.#############
########.................##
#####.............######..##
#.....##...................#
##.#############.......P....#
...##############..PP..P._..#


You could see an ice beast.

Vanquished Creatures
  Sigmund (D:2)
  An ice beast (D:5)
  An ogre (D:3)
  A lemure (D:4)
  A hound (D:4)
  An iguana (D:4)
  An orc wizard (D:3)
  7 gnolls
  5 adders
  An ufetubus (D:4)
  A worm (D:2)
  A dart slug (D:5)
  9 orcs
  9 endoplasms
  5 giant cockroaches
  13 goblins
  3 hobgoblins
  4 jackals (D:3)
  6 quokkas
  10 ball pythons
  8 bats
  2 frilled lizards
  9 kobolds
  5 rats
105 creatures vanquished.

Notes
Turn   | Place    | Note
-------+----------+-------------------------------------------
     0 | D:1      | oldmanjim the Hill Orc Fighter began the quest for the Orb.
     0 | D:1      | Reached XP level 1. HP: 19/19 MP: 1/1
    70 | D:1      | Reached skill level 3 in Axes
   123 | D:1      | Reached XP level 2. HP: 27/27 MP: 2/2
   150 | D:1      | Found Muliemil's Jewellery Shop.
   657 | D:1      | Reached XP level 3. HP: 30/33 MP: 3/3
  1131 | D:2      | Noticed Sigmund
  1152 | D:2      | Killed Sigmund
  1153 | D:2      | Reached skill level 5 in Fighting
  1153 | D:2      | Reached skill level 4 in Axes
  1153 | D:2      | Reached XP level 4. HP: 14/42 MP: 4/4
  1153 | D:2      | Reached XP level 5. HP: 17/48 MP: 5/5
  1788 | D:2      | Reached skill level 5 in Axes
  1960 | D:3      | Found a faded altar of an unknown god.
  2018 | D:3      | Reached XP level 6. HP: 52/53 MP: 6/6
  2123 | D:3      | Reached skill level 5 in Shields
  2887 | D:3      | Found a runed translucent door.
  2888 | D:3      | Noticed Crazy Yiuf
  3179 | D:4      | Found Xufuirph's Antique Weapon Shoppe.
  3408 | D:4      | Reached skill level 6 in Axes
  3540 | D:4      | Found a white marble altar of Elyvilon.
  3578 | D:4      | Reached XP level 7. HP: 56/63 MP: 7/7
  3988 | D:4      | Learned a level 1 spell: Apportation
  4039 | D:5      | Entered Level 5 of the Dungeon
  4069 | D:5      | Reached skill level 1 in Translocations
  4193 | D:5      | Noticed Grinder
  4193 | D:5      | Paralysed by Grinder for 4 turns
  4206 | D:4      | Reached skill level 7 in Axes
  4508 | D:4      | Slain by an ice beast

Illustrated notes

Levels and vault maps discovered:
D:1:      wander_arrival_peaceful_grave, layout_basic, serial_shops,
          nicolae_shop_trees, minmay_pentomino_q4
D:2:      layout_loops_ring, uniq_sigmund
D:3:      layout_loops_ring, hellmonk_ecumenical_altar_run_dry,
          kennysheep_generic_room_8, uniq_crazy_yiuf_cottage
D:4:      layout_rooms, mainiacjoe_overflow_chevrons, serial_shops,
          kennysheep_little_box, minmay_statues_item, kennysheep_small_spiral
D:5:      layout_cave_pools, fedhas_altar_3, serial_shops,
          nicolae_shop_statue_plus, st_stairs_2, hellmonk_bongcloud_opening,
          uniq_grinder, uniq_pikel

Skill      XL: |  1  2  3  4  5  6  7 |
---------------+----------------------+-----
Axes           | 3 4 5 6 7 |  7.5
Fighting       | 4 5 6 |  6.0
Shields        | 4 5 |  5.0
Armour         | 4 |  4.0
Translocations | 1 |  1.0

Action                   |  1- 3 |  4- 6 |  7- 9 || total
-------------------------+-------+-------+-------++-------
Melee: War axe           |    85 |   161 |    53 ||   299
 Fire: Sling             |       |    16 |     3 ||    19
Throw: Stone             |       |    10 |       ||    10
 Cast: Apportation       |       |       |     1 ||     1
  Use: Potion            |     1 |       |       ||     1
       Scroll            |       |     4 |     3 ||     7
Armor: Scale mail        |    33 |       |       ||    33
       Chain mail        |     8 |    80 |       ||    88
       Plate armour      |       |       |    46 ||    46
Dodge: Dodged            |    36 |    38 |    17 ||    91
Block: Buckler           |    23 |    45 |    22 ||    90
